← All builds
Tech / Armada / Economy first / OBSERVED BUILD

Nuke rush

Armada Tech (Eco) build order · Supreme Isthmus

After the standard T2 rush, commits to an early Armageddon nuclear launcher around 10:30-12:28, hitting the enemy base directly in nearly all games as a forward plan rather than defence.

Usually first T2 con to Geo (77%)

#nuke #t2 · 173 distinct matches · 61 players · 6% of Armada Tech games · team won 66% of 176 · Recently observed

THE CATCH, AND WHAT COMES WITH IT
  • ArmageddonArmageddon from 10:30 · 5% of role by thenOnly 5% of Tech games have it by then; others who build it get it around 10:39

Where those units first fight, in 30 games with kill data: in the enemy base 97%.

HOW TO PLAY IT

Key timing: Armageddon up by 10:28

  1. Open fast Bot Lab into Advanced Bot Lab as usual for Tech.
  2. Get Advanced Bot Lab done to keep pace with normal T2 rush.
  3. Upgrade mex to feed the coming nuke project.
  4. Commit to an Armageddon far earlier than the usual 12:23 norm.
  5. Stockpile the nuke silo while still feeding allies T2 cons.

Phase by phase

TYPICAL OF ITS 173 GAMES · AGAINST STANDARD TECH
  1. 1
  2. 2
  3. 3
  4. 4
PLAY THE OPENING

Follow the example game's first 11:30 step by step: what to build now, what comes next, and where it goes. At 1× it keeps pace with your own game.

  1. 1

    Up to the Bot Lab

    Economy
    • Metal Extractor3Mex
    • Wind Turbine4Wind
    Order
    1. Bot LabBot Lab after 3 mex, 4 winddone ~1:17, middle half 1:12–1:32

    By 1:00 in all: 3 mex · 4 wind

    The example game in this phase · 3 steps
    1. Mex ×3
    2. Wind ×3
    3. Bot LabBot Labdone 1:09 · typical 1:17
  2. 2

    Bot Lab to Advanced Bot Lab

    Economy
    • Metal Extractor1Mex
    • Wind Turbine8Wind
    • Energy Storage1Energy storage
    Order
    1. Advanced Bot LabAdvanced Bot Lab after 4 mex, 11 wind, 3 con turretdone ~4:15, middle half 4:02–4:30
    Builders
    • Construction Turret3 Con turret
    • Lazarus3 Lazarus
    • Construction Bot2 Con bot
    • Construction Bot1 Con bot for allies

    Some games also: converter (35%)

    By 3:17 in all: 4 mex · 11 wind · 1 energy storage · 3 con turret

    The example game in this phase · 17 steps
    1. Wind
    2. Construction BotCon bot
    3. Wind
    4. LazarusLazarus
    5. Wind
    6. LazarusLazarus
    7. Wind
    8. Mex
    9. Construction BotCon bot
    10. Wind ×2
    11. Energy storage
    12. LazarusLazarus
    13. Con turret
    14. Wind
    15. Con turret
    16. Wind
    17. Advanced Bot LabAdvanced Bot Labdone 3:36 · typical 4:15
  3. 3

    Advanced Bot Lab to 5:00

    Economy
    • Wind Turbine4Wind
    Order
    1. Bot LabEat Bot Lab
    Builders
    • Advanced Construction Bot1 T2 con bot for allies

    Some games also: converter (36%)

    By 5:00 in all: 4 mex · 16 wind · 2 converter · 1 energy storage · 3 con turret

    The example game in this phase · 10 steps
    1. Wind
    2. Bot LabEat Bot Labreclaimed for its metal
    3. Wind ×2
    4. Advanced Construction BotT2 con botfor Geo
    5. Advanced Metal ExtractorT2 mexdone 4:22 · typical 5:34
    6. Wind
    7. Advanced Metal ExtractorT2 mex
    8. Wind ×2
    9. Advanced Construction BotT2 con botfor Air
    10. Wind
  4. 4

    5:00 to Nuke silo

    Economy
    • Wind Turbine64Wind
    • Energy Converter10Converter
    Order
    1. ArmageddonNuke silo after 81 wind, 13 converter, 6 con turretdone ~12:27, middle half 11:57–13:30
    Builders
    • Construction Turret2 Con turret
    • Butler8 Butler
    • Advanced Construction Bot4 T2 con bot for allies
    • Advanced Construction Bot1 T2 con bot

    Some games also: metal storage (38%) · Ghost (33%) · Butler for allies (30%)

    By 10:30 in all: 4 mex · 81 wind · 13 converter · 1 energy storage · 6 con turret (standard 3)

    The example game in this phase · 348 steps
    1. Advanced Metal ExtractorT2 mex
    2. Wind
    3. Advanced Construction BotT2 con botfor Pond
    4. Wind
    5. ButlerButler ×2
    6. Wind
    7. Advanced Metal ExtractorT2 mex
    8. ButlerButler ×2
    9. Wind
    10. Advanced Construction BotT2 con botfor Geo
    11. ButlerButlerfor Geo
    12. Wind ×2
    13. ButlerButlerfor Geo
    14. Wind
    15. ButlerButler
    16. Wind ×4
    17. ButlerButler
    18. Wind ×2
    19. ButlerButler
    20. Wind ×6
    21. ButlerButler
    22. Wind ×2
    23. ButlerButler
    24. Wind ×3
    25. ButlerButler
    26. Wind ×3
    27. Windfor Suicide front
    28. Wind
    29. Advanced Construction BotT2 con botfor Geo sea
    30. Wind ×2
    31. Converter
    32. Windfor Suicide front
    33. Wind ×2
    34. Windfor Suicide front
    35. Wind
    36. Converter
    37. Windfor Suicide front
    38. Wind
    39. Converter
    40. Wind ×2
    41. Converter
    42. Wind ×3
    43. Converter
    44. Wind
    45. ButlerButler
    46. Wind
    47. Converter
    48. Wind ×3
    49. ButlerButler
    50. Wind
    51. Converter
    52. Wind
    53. Windfor Suicide front
    54. Wind
    55. Windfor Suicide front
    56. ButlerButler
    57. Converter
    58. Wind ×3
    59. ButlerButler
    60. Converter
    61. Wind ×2
    62. ButlerButler
    63. Converter
    64. Wind ×4
    65. Advanced Construction BotT2 con botfor Beach sea
    66. Wind ×6
    67. Converter
    68. ButlerButler
    69. Wind ×2
    70. Metal storage
    71. Wind ×6
    72. Converter
    73. Wind ×6
    74. Converter
    75. Wind ×8
    76. Advanced Construction BotT2 con botfor Front
    77. Wind ×2
    78. Converter ×2
    79. Wind
    80. Con turret
    81. Wind ×4
    82. Converter
    83. Wind ×3
    84. Converter
    85. Wind
    86. Converter
    87. Wind
    88. Con turret
    89. Wind ×6
    90. Converter ×2
    91. Wind ×3
    92. Con turret
    93. Wind ×4
    94. Converter
    95. Con turret
    96. Wind
    97. Converter
    98. Wind ×2
    99. Advanced Construction BotT2 con botfor Suicide front
    100. Converter
    101. Con turret
    102. Wind ×3
    103. Con turret
    104. Wind ×3
    105. Converter
    106. Wind
    107. Converter
    108. Con turret
    109. Wind ×6
    110. Con turret
    111. Advanced Construction BotT2 con bot
    112. Converter
    113. Wind
    114. Converter
    115. Wind ×3
    116. Con turret
    117. Wind ×3
    118. Con turret
    119. Wind
    120. Converter
    121. Wind
    122. Converter
    123. Wind ×3
    124. Con turret
    125. Converter
    126. Wind ×5
    127. Vehicle PlantVehicle Plantdone 10:39
    128. Wind ×3
    129. Converter ×2
    130. BlitzBlitzfor Geo
    131. Wind ×2
    132. BlitzBlitzfor Geo
    133. Wind ×2
    134. BlitzBlitzfor Geo
    135. Advanced Construction BotT2 con bot
    136. Converter
    137. Wind
    138. Converter
    139. BlitzBlitzfor Geo
    140. Wind ×4
    141. Converter
    142. Wind
    143. Converter
    144. Wind
    145. BlitzBlitzfor Geo
    146. Wind ×2
    147. Converter
    148. BlitzBlitzfor Geo
    149. Wind ×2
    150. BlitzBlitzfor Geo
    151. Wind ×2
    152. BlitzBlitzfor Geo
    153. Converter
    154. Wind ×2
    155. Converter
    156. Wind
    157. BlitzBlitzfor Geo
    158. Wind ×2
    159. Advanced Bot LabEat Advanced Bot Labreclaimed for its metal
    160. BlitzBlitzfor Geo
    161. Wind ×2
    162. BlitzBlitzfor Geo
    163. Converter
    164. Wind ×2
    165. BlitzBlitzfor Geo
    166. Vehicle PlantVehicle Plantdone 11:18
    167. Wind
    168. Converter
    169. Wind
    170. BlitzBlitz ×2for Geo
    171. Wind ×2
    172. BlitzBlitzfor Geo
    173. Converter
    174. Wind
    175. BlitzBlitzfor Geo
    176. Wind
    177. BlitzBlitzfor Geo
    178. Wind
    179. BlitzBlitzfor Geo
    180. Wind ×2
    181. BlitzBlitz ×2for Geo
    182. Wind
    183. BlitzBlitzfor Geo
    184. Wind
    185. Converter ×2
    186. BlitzBlitzfor Geo
    187. Wind ×2
    188. BlitzBlitz ×3for Geo
    189. Wind ×2
    190. BlitzBlitz ×2for Geo
    191. Wind ×2
    192. BlitzBlitzfor Geo
    193. Converter
    194. BlitzBlitzfor Geo
    195. Wind ×2
    196. BlitzBlitz ×2for Geo
    197. Converter
    198. Wind
    199. BlitzBlitzfor Geo
    200. Wind
    201. BlitzBlitzfor Geo
    202. Wind
    203. BlitzBlitz ×2for Geo
    204. Wind ×2
    205. BlitzBlitz ×2for Geo
    206. Wind
    207. Converter
    208. BlitzBlitzfor Geo
    209. Wind
    210. BlitzBlitzfor Geo
    211. Wind
    212. BlitzBlitzfor Geo
    213. Wind
    214. BlitzBlitzfor Geo
    215. Converter
    216. BlitzBlitzfor Geo
    217. Wind ×2
    218. BlitzBlitz ×2for Geo
    219. Converter
    220. Wind
    221. BlitzBlitzfor Geo
    222. Wind ×2
    223. BlitzBlitzfor Geo
    224. Converter
    225. BlitzBlitzfor Geo
    226. Converter
    227. Wind ×2
    228. BlitzBlitzfor Geo
    229. Wind
    230. BlitzBlitzfor Geo
    231. Wind
    232. BlitzBlitz ×2for Geo
    233. Wind
    234. BlitzBlitzfor Geo
    235. Wind
    236. BlitzBlitzfor Geo
    237. Converter
    238. Wind ×2
    239. BlitzBlitz ×2for Geo
    240. Converter
    241. BlitzBlitzfor Geo
    242. Wind
    243. BlitzBlitzfor Geo
    244. Wind
    245. BlitzBlitzfor Geo
    246. Wind
    247. Converter
    248. BlitzBlitzfor Geo
    249. Wind ×2
    250. Converter
    251. Wind
    252. BlitzBlitz
    253. Converter
    254. BlitzBlitzfor Geo
    255. Wind
    256. Vehicle PlantEat Vehicle Plantreclaimed for its metal
    257. Wind ×3
    258. BlitzBlitzfor Geo
    259. Converter
    260. BlitzBlitzfor Geo
    261. Wind
    262. Converter
    263. Wind ×2
    264. BlitzBlitz
    265. Wind
    266. Vehicle PlantEat Vehicle Plantreclaimed for its metal
    267. Wind ×4
    268. Converter
    269. Wind ×2
    270. Converter
    271. Wind ×7
    272. Converter
    273. Wind
    274. Advanced Fusion ReactorAdvanced Fusion Reactornot finished by 15:00
    275. Converter
    276. Wind ×5
    277. Converter
    278. Wind ×3
    279. ArmageddonArmageddondone 14:22 · typical 12:27
    280. Wind ×3
    281. Converter
    282. Wind ×3
    283. Converter
    284. Wind ×5
    285. Converter
    286. Wind
    287. T2 converter
    288. Wind ×3
    289. Converter
    290. Wind ×4
    291. Converter ×2
    292. Wind ×7
    293. Converter
    294. Wind ×4
    295. Converter
    296. T2 converter
    297. Wind
    298. Converter
    299. Wind ×7
    300. Converter ×2
    301. Wind ×6
    302. Converter
    303. Wind ×2
    304. T2 converter
    305. Wind
    306. Converter
    307. Wind ×3
    308. Converter
    309. Wind ×4
    310. Converter
    311. Wind
    312. Converter
    313. Wind ×3
    314. Converter
    315. Wind ×3
    316. Converter
    317. Wind ×4
    318. Converter
    319. Wind ×4
    320. Converter
    321. Wind
    322. Converter
    323. Wind ×3
    324. Energy storage
    325. Wind ×2
    326. Converter
    327. Wind ×5
    328. Converter
    329. Wind ×2
    330. Converter
    331. Wind ×2
    332. T2 converter
    333. Wind ×2
    334. Advanced Fusion ReactorAdvanced Fusion Reactor
    335. Wind ×2
    336. Converter
    337. Wind
    338. Converter
    339. Wind ×5
    340. Converter
    341. Wind ×3
    342. CitadelAnti-nukenot finished by 15:00
    343. T2 converter
    344. Wind
    345. Converter
    346. Wind ×4
    347. Converter
    348. Wind ×4

Counts are medians over the build's games: half of them build more, half fewer. The example game is [NWP]1347's (37 OS, 08/10/2026); pick another.

Team trades

IN AT LEAST 30% OF ITS GAMES

You hand over

  • Construction Bot1 Con bot to Airfirst at 2:20 · in 80% of games
  • Advanced Construction Bot5 T2 con bot to Geo sea or Air or Beach seafirst at 4:49 · in 95% of games
  • Butler2 Butler to Geo sea or Beach sea or Pondfirst at 8:44 · in 30% of games

You get

  • Hercules1 Light transport from Airfirst at 3:54 · in 82% of games

How it plays out

Typical game of this build against the role’s standard build, running totals by minute

  • This build
  • Standard tech

Metal produced

020k40k
0:005:0010:0015:00

metal

Enemy metal destroyed

050100150
0:005:0010:0015:00

metal

Own metal lost

050100150
0:005:0010:0015:00

metal

176 games.

Show as table
ByMetal produced: This buildMetal produced: Standard techEnemy metal destroyed: This buildEnemy metal destroyed: Standard techOwn metal lost: This buildOwn metal lost: Standard tech
1:003833830000
2:009169150000
3:00165116520000
4:00320331430000
5:00486948480000
6:00588658010000
7:00744472300000
8:00931190640000
9:0011582111780000
10:0014070135200000
11:0018071162420000
12:0021154196520000
13:00241292343000210
14:002732427286008574
15:00307913151238108130130
WHAT THE NUMBERS SAY

Wins far more often than standard despite almost no early kills, showing the nuke threat itself reshapes the game.

  • + Team win rate 67% vs 53% standard.
  • + Own metal lost stays minimal (130 vs 198 by 15:00).
  • − Enemy metal destroyed by 15:00 is near zero (67 vs 266 standard).
  • − Delays the usual Fusion and anti-nuke items that 43-44% of role games hit.
THE EXAMPLE YOU ARE READING

[NWP]1347

37.5 OS · 08/10/2026

Open source match ↗

1 received units
8693 metal received · 166692 energy received

Allied construction assistance is unknown. Timings are observations, not a promise of solo reproducibility.

Typical milestones

Bot Lab1:17Middle 50%: 1:12–1:32 · n=175
Advanced Bot Lab4:15Middle 50%: 4:02–4:30 · n=172
Advanced Metal Extractor5:34Middle 50%: 5:04–6:03 · n=176
Armageddon12:27Middle 50%: 11:57–13:30 · n=124

Played most by

Crouxy22games of this buildAmrissa10games of this buildSUNTZ10games of this buildAriah9games of this buildTeaner9games of this build
Nuke rush · Armada Tech (Eco) build order · BAR Build Atlas